 Dungeon Crawl Stone Soup version 0.21.1-1-g345015f (webtiles) character file.

6605 tognito the Severer (level 10, -17/115 HPs)
             Began as a Minotaur Berserker on June 2, 2018.
             Was a High Priest of Trog.
             Demolished by a two-headed ogre
             ... wielding a +0 giant club
              (18 damage)
             ... on level 9 of the Dungeon.
             The game lasted 00:17:19 (7515 turns).

tognito the Severer (Minotaur Berserker)            Turns: 7515, Time: 00:17:20

Health: -17/115    AC: 11    Str: 30    XL:     10   Next: 71%
Magic:  9/9        EV:  8    Int:  4    God:    Trog [*****.]
Gold:   367        SH:  0    Dex: 10    Spells: 9/9 levels left

rFire    + . .     SeeInvis +   a - +2 war axe (chop)
rCold    . . .     Gourm    .   (no shield)
rNeg     . . .     Faith    .   m - +0 plate armour
rPois    .         Spirit   .   (helmet restricted)
rElec    .         Reflect  .   (no cloak)
rCorr    .         Harm     .   (no gloves)
MR       .....                  (no boots)
Stlth    ..........             (no amulet)
HPRegen  0.29/turn              j - ring of protection from fire
MPRegen  0.11/turn              t - ring of see invisible

@: berserking, very quick
A: retaliatory headbutt, horns 2, mutation resistance 1, subdued magic 1
a: Berserk, Trog's Hand, Brothers in Arms, Burn Spellbooks, Renounce Religion


You were on level 9 of the Dungeon.
You worshipped Trog.
Trog was extremely pleased with you.
You were hungry.

You visited 1 branch of the dungeon, and saw 9 of its levels.

You collected 367 gold pieces.

Inventory:

Hand Weapons
 a - a +2 war axe of chopping (weapon)
 b - a +0 shortbow
 C - a +0 broad axe
Missiles
 o - 81 arrows
 s - 104 bolts
Armour
 m - a +0 plate armour (worn)
Jewellery
 j - a ring of protection from fire (left hand)
 t - a ring of see invisible (right hand)
Wands
 g - a wand of acid (19)
 r - a wand of iceblast (9)
 v - a wand of random effects (52)
 z - a wand of flame (23)
Scrolls
 d - 5 scrolls of fog
 e - 2 scrolls of immolation {unknown}
 f - a scroll of fear {unknown}
 h - 9 scrolls of identify
 i - 3 scrolls of remove curse
 k - a scroll of noise {unknown}
 l - 2 scrolls of amnesia {unknown}
 p - 3 scrolls of enchant armour {unknown}
 q - 2 scrolls of blinking {unknown}
 w - a scroll of holy word {unknown}
 y - 7 scrolls of teleportation
Potions
 n - 5 potions of curing
 u - 2 potions of brilliance
 x - a potion of invisibility {unknown}
 A - a potion of haste
Comestibles
 c - 8 rations
 B - 4 chunks of flesh


   Skills:
 - Level 3.6 Fighting
 + Level 16.4 Axes
 + Level 8.4 Bows
 - Level 2.4 Armour
 - Level 2.1 Dodging


You had 9 spell levels left.
You didn't know any spells.

Dungeon Overview and Level Annotations

Branches:
Dungeon (9/15)             Temple (0/1) D:4            Lair (0/6) D:8
    Orc: D:9-12

Altars:
Ashenzari
Dithmenos
Elyvilon
Fedhas
Gozag
Hepliaklqana
Nemelex Xobeh
Qazlal
Sif Muna
Trog
Uskayaw
Yredelemnul

Shops:
D:4 *   D:6 }


Innate Abilities, Weirdness & Mutations

You reflexively headbutt those who attack you in melee.
You have a pair of horns on your head.
You are somewhat resistant to further mutation.
Your spells are a little easier to cast, but a little less powerful.


Message History

Your headbutt misses the two-headed ogre.
The two-headed ogre is moderately wounded.
You hit the two-headed ogre.
Your headbutt misses the two-headed ogre.
The two-headed ogre is heavily wounded.
The two-headed ogre hits you with a giant club!!
The two-headed ogre hits you with a dire flail!
* * * LOW HITPOINT WARNING * * *
You barely miss the two-headed ogre.
You headbutt the two-headed ogre, but do no damage.
The two-headed ogre is heavily wounded.
The two-headed ogre hits you with a giant club!
* * * LOW HITPOINT WARNING * * *
The two-headed ogre hits you with a dire flail.
* * * LOW HITPOINT WARNING * * *
A red film seems to cover your vision as you go berserk!
You feel yourself moving faster!
You feel mighty!
You are feeling hungry.
The two-headed ogre hits you with a giant club!!
You die...

#.........#
#.....![..#
#.........#
#.........+
+.........#
#((.......#
#..[......#
#...((O@..#
########'##
#.# ##.#
#..# #.##
##.# #..#
#. ##.##


You could see a two-headed ogre.

Vanquished Creatures
  3 two-headed ogres (D:8)
  The ghost of Blackrapter the Slasher, a novice DrFi (D:6)
  The ghost of MordorOrchid the Chiller, a novice DrIE of Sif Muna (D:5)
  A hornet (D:7)
  A hippogriff (D:8)
  2 wyverns (D:8)
  2 hell hounds (D:8)
  Duvessa (D:7)
  2 water moccasins (D:4)
  An orc warrior (D:8)
  An ice beast (D:7)
  A necrophage (D:7)
  An ogre (D:6)
  3 centaurs
  2 bullfrogs
  A wyvern skeleton (D:6)
  6 scorpions
  5 killer bees (D:7)
  Dowan (D:7)
  2 electric eels (D:8)
  A howler monkey (D:6)
  A crimson imp (D:8)
  A centaur zombie (D:5)
  2 bullfrog skeletons
  5 hounds
  6 orc priests
  3 centaur skeletons
  3 jellies
  7 orc wizards
  6 iguanas
  5 worker ants
  2 hound zombies
  2 hound skeletons (D:6)
  16 adders
  A shadow imp (D:6)
  2 adder skeletons (D:5)
  2 adder zombies
  4 worms
  2 dart slugs
  9 leopard geckos
  28 orcs
  3 giant cockroaches
  9 goblins
  3 hobgoblins
  2 jackals (D:4)
  8 kobolds
  4 quokkas
  A ball python (D:5)
  8 bats
  4 frilled lizards
  A giant cockroach zombie (D:5)
  3 rats
192 creatures vanquished.

Notes
Turn   | Place    | Note
-------+----------+-------------------------------------------
     0 | D:1      | tognito the Minotaur Berserker began the quest for the Orb.
     0 | D:1      | Reached XP level 1. HP: 19/19 MP: 0/0
   114 | D:1      | Reached skill level 4 in Axes
   332 | D:1      | Reached XP level 2. HP: 26/26 MP: 1/1
   685 | D:2      | Reached skill level 5 in Axes
   685 | D:2      | Reached XP level 3. HP: 8/31 MP: 2/2
  1051 | D:2      | Reached XP level 4. HP: 39/39 MP: 3/3
  1161 | D:2      | Reached skill level 6 in Axes
  1731 | D:3      | Reached ** piety under Trog
  1737 | D:3      | Gained mutation: Your spells are a little easier to cast, but a little less powerful. [potion of mutation]
  1737 | D:3      | Gained mutation: Your spells are easier to cast, but less powerful. [potion of mutation]
  1737 | D:3      | Lost mutation: Your spells are easier to cast, but less powerful. [potion of mutation]
  1737 | D:3      | Gained mutation: You are somewhat resistant to further mutation. [potion of mutation]
  2270 | D:3      | Reached skill level 7 in Axes
  2270 | D:3      | Reached XP level 5. HP: 45/45 MP: 4/4
  2453 | D:3      | Found a white marble altar of Elyvilon.
  2461 | D:3      | Found a hazy altar of Hepliaklqana.
  2461 | D:3      | Found a stormy altar of Qazlal.
  2461 | D:3      | Found a bloodstained altar of Trog.
  2461 | D:3      | Found a shadowy altar of Dithmenos.
  2462 | D:3      | Found a hide-covered altar of Uskayaw.
  2463 | D:3      | Found a sparkling altar of Nemelex Xobeh.
  2467 | D:3      | Found a shattered altar of Ashenzari.
  2479 | D:3      | Found a deep blue altar of Sif Muna.
  2480 | D:3      | Found an opulent altar of Gozag.
  2628 | D:4      | Reached skill level 8 in Axes
  2632 | D:4      | Reached *** piety under Trog
  2632 | D:4      | Reached XP level 6. HP: 51/51 MP: 5/5
  2710 | D:4      | Found a staircase to the Ecumenical Temple.
  2761 | D:4      | Found Fapn's Serpentskin Sales.
  2761 | D:4      | Noticed a water moccasin
  2761 | D:4      | Noticed a water moccasin
  2767 | D:4      | Killed a water moccasin
  2767 | D:4      | Reached skill level 9 in Axes
  2775 | D:4      | Killed a water moccasin
  2775 | D:4      | Reached XP level 7. HP: 13/57 MP: 6/6
  3013 | D:4      | Reached skill level 10 in Axes
  3312 | D:5      | Entered Level 5 of the Dungeon
  3549 | D:5      | Reached skill level 11 in Axes
  3610 | D:5      | Reached XP level 8. HP: 55/64 MP: 7/7
  3740 | D:5      | Noticed MordorOrchid's ghost (novice DrIE)
  3747 | D:5      | Killed MordorOrchid's ghost
  3747 | D:5      | Reached skill level 12 in Axes
  3812 | D:5      | Reached **** piety under Trog
  3916 | D:6      | Reached skill level 13 in Axes
  3930 | D:6      | Noticed Blackrapter's ghost (novice DrFi)
  3942 | D:6      | Killed Blackrapter's ghost
  4121 | D:6      | Reached XP level 9. HP: 47/70 MP: 8/8
  4135 | D:6      | Found Roituytz's Gadget Shop.
  4138 | D:6      | Reached skill level 14 in Axes
  4843 | D:6      | Found a bloodstained altar of Trog.
  5266 | D:7      | Reached skill level 1 in Bows
  5554 | D:7      | Reached skill level 15 in Axes
  5565 | D:7      | Noticed Dowan
  5570 | D:7      | Noticed Duvessa
  5582 | D:7      | Killed Dowan
  5587 | D:7      | Killed Duvessa
  5592 | D:7      | Found a basalt altar of Yredelemnul.
  5595 | D:7      | Found a blossoming altar of Fedhas.
  6169 | D:8      | Noticed a two-headed ogre
  6174 | D:8      | Received a gift from Trog
  6180 | D:8      | Killed a two-headed ogre
  6180 | D:8      | Reached XP level 10. HP: 27/77 MP: 9/9
  6455 | D:8      | Found a staircase to the Lair.
  6480 | D:8      | Noticed a two-headed ogre
  6491 | D:8      | Killed a two-headed ogre
  6491 | D:8      | Reached skill level 16 in Axes
  6727 | D:8      | Found a transporter.
  6775 | D:8      | Noticed a two-headed ogre
  6788 | D:8      | Killed a two-headed ogre
  7081 | D:8      | Found a transporter.
  7338 | D:8      | Reached ***** piety under Trog
  7504 | D:9      | Noticed a two-headed ogre
  7514 | D:9      | HP: 1/77 [two-headed ogre/giant club (5)]
  7515 | D:9      | Demolished by a two-headed ogre

Skill      XL: |  1  2  3  4  5  6  7  8  9 10 |
---------------+-------------------------------+-----
Axes           | 4 5 7 8 9 11 13 15 16 | 16.4
Bows           | 4 8 |  8.4
Fighting       | |  3.6
Armour         | |  2.4
Dodging        | |  2.1

Action                   |  1- 3 |  4- 6 |  7- 9 | 10-12 || total
-------------------------+-------+-------+-------+-------++-------
Melee: Hand axe          |    49 |    38 |       |       ||    87
       Headbutt          |     4 |    16 |    32 |    10 ||    62
       War axe           |       |    85 |   206 |    52 ||   343
 Fire: Shortbow          |       |       |    39 |    37 ||    76
Invok: Berserk           |     1 |     1 |     4 |     2 ||     8
       Burn Spellbooks   |       |       |     1 |     1 ||     2
       Trog's Hand       |       |       |     1 |     1 ||     2
  Use: Potion            |     3 |     3 |     3 |       ||     9
       Scroll            |       |       |     4 |       ||     4
  Eat: Chunk             |     1 |     6 |    12 |     5 ||    24
       Ration            |       |       |     1 |       ||     1
Armor: Chain mail        |    26 |    66 |     3 |       ||    95
       Animal skin       |     1 |       |       |       ||     1
       Plate armour      |       |       |    97 |    28 ||   125
Dodge: Dodged            |    26 |    62 |    70 |    16 ||   174
